 Dungeon Crawl Stone Soup version 0.23.2-33-g5129a83184 (webtiles) character file.

Game seed: 17837602882925239902

6640 Kniotic the Covert (level 10, -2/69 HPs)
             Began as a Demigod Enchanter on July 17, 2019.
             Slain by a spiny frog (14 damage)
             ... on level 1 of the Lair of Beasts.
             The game lasted 00:36:48 (15206 turns).

Kniotic the Covert (Demigod Enchanter)             Turns: 15206, Time: 00:36:48

Health: -2/69      AC: 10    Str: 11    XL:     10   Next: 44%
Magic:  9/21       EV: 12    Int: 21    God:
Gold:   294        SH:  0    Dex: 20    Spells: 13/19 levels left

rFire    . . .     SeeInvis .   K - +1 short sword (speed)
rCold    . . .     Gourm    +   (no shield)
rNeg     . . .     Faith    .   b - +0 robe
rPois    +         Spirit   .   M - +0 helmet
rElec    .         Reflect  .   y - +0 cloak
rCorr    .         Harm     .   g - +2 pair of gloves
MR       +....                  N - +2 pair of boots
Stlth    +++++.....             A - amulet of the gourmand
HPRegen  0.21/turn              o - ring of poison resistance
MPRegen  0.17/turn              (no ring)

@: lethally poisoned (-2 -> -10)
A: high mp 1
a: no special abilities


You were on level 1 of the Lair of Beasts.
You were completely stuffed.

You visited 2 branches of the dungeon, and saw 11 of its levels.
You also visited: Ossuary.

You collected 608 gold pieces.
You spent 314 gold pieces at shops.

Inventory:

Hand Weapons
 D - a +3 dagger of chaos
 K - a +1 short sword of speed (weapon)
Armour
 b - a +0 robe (worn)
 g - a +2 pair of gloves (worn)
 y - a +0 cloak (worn)
 M - a +0 helmet (worn)
 N - a +2 pair of boots (worn)
Jewellery
 o - a ring of poison resistance (left hand)
 t - an uncursed amulet of guardian spirit
 A - an amulet of the gourmand (around neck)
 G - an uncursed amulet of the acrobat
 Q - an uncursed ring of ice {unknown}
Wands
 i - a wand of clouds (8)
 q - a wand of polymorph (9)
 E - a wand of random effects (19)
 F - a wand of iceblast (18)
Scrolls
 c - 5 scrolls of magic mapping {unknown}
 f - 2 scrolls of remove curse
 k - a scroll of blinking {unknown}
 l - a scroll of brand weapon {unknown}
 m - 5 scrolls of amnesia
 n - a scroll of immolation
 r - a scroll of fear
 w - a scroll of enchant weapon {unknown}
 x - a scroll of teleportation
 H - a scroll of fog {unknown}
 I - a scroll of noise {unknown}
 J - a scroll of enchant armour {unknown}
 P - a scroll of identify
Potions
 a - a potion of resistance
 e - 2 potions of ambrosia
 h - 2 potions of haste
 j - 2 potions of brilliance
 p - 4 potions of agility
 s - 2 potions of flight
 u - 2 potions of lignification
 v - 2 potions of mutation
 z - 3 potions of might
 B - a potion of invisibility {unknown}
 C - 4 potions of curing
Miscellaneous
 L - a box of beasts
Comestibles
 d - 13 rations


   Skills:
 + Level 8.1 Short Blades
 - Level 1.7 Dodging
 + Level 9.3 Stealth
 - Level 5.0 Spellcasting
 * Level 8.9 Hexes


You had 13 spell levels left.
You knew the following spells:

 Your Spells              Type           Power        Failure   Level  Hunger
a - Corona                Hex            #####..      1%          1    None
b - Ensorcelled Hibernat  Hex/Ice        ###...       2%          2    None
c - Confuse               Hex            #####...     1%          3    ##.....

Your spell library contained the following spells:

 Spells                   Type           Power        Failure   Level  Hunger
 Tukima's Dance           Hex            #####...     1%          3    ##.....
 Dazzling Spray           Conj/Hex       ###...       5%          3    ##.....


Dungeon Overview and Level Annotations

Branches:
Dungeon (10/15)            Temple (0/1) D:4            Lair (1/6) D:8
    Orc: D:9-12

Shops:
D:8 (   D:9 [

Annotations:
D:8 Prince Ribbit
D:10 Gastronok
Lair:1 exclusion: 2 hydras


Innate Abilities, Weirdness & Mutations

You have an increased reservoir of magic. (+10% MP)


Message History

The wolf bites you.
Casting: Ensorcelled Hibernation (safe; 2% risk of failure)
Confirm with . or Enter, or press ? or * to list all spells.
Aiming: Ensorcelled Hibernation (safe; 2% risk of failure)
Press: ? - help, Shift-Dir - straight line, f - spiny frog
Aim: a spiny frog (chance to defeat MR: 53%)
The spiny frog resists with significant effort.
The wolf closely misses you. The spiny frog stings you!!
You are poisoned.
The spiny frog poisons you!
Casting: Ensorcelled Hibernation (safe; 2% risk of failure)
Confirm with . or Enter, or press ? or * to list all spells.
Aiming: Ensorcelled Hibernation (safe; 2% risk of failure)
Press: ? - help, Shift-Dir - straight line, f/p - spiny frog
Aim: a spiny frog (chance to defeat MR: 53%)
The spiny frog resists with significant effort.
You feel sick. The wolf bites you!
* * * LOW HITPOINT WARNING * * *
The wolf barely misses you. The spiny frog stings you!
You die...

...###..## #........
...# ##..## ###........
..## ##..##
####.......F.. #..
##..## #P...#........
###
##..######..F#.........
##...##....##.........
##.....##...###.......
#.#..####....# #.##...
###.>...@F....# ## ...
###..รท.....h.....#
##.............#...#
##.............###...#
##.............## #...
##............#.# ...
##...........##### ..
#.........####
#.....#####


You could see a spiny frog and a wolf.

Vanquished Creatures
  A deep elf mage (D:9)
  Psyche (D:8)
  A spiny frog (Lair:1)
  2 hippogriffs
  A wyvern (D:9)
  5 yaks (Lair:1)
  Edmund (D:4)
  2 porcupines (Lair:1)
  A black bear (D:8)
  A water moccasin (Lair:1)
  A sky beast (D:5)
  An orc warrior (D:6)
  An ice beast (D:7)
  3 ogres
  A phantom (D:9)
  4 wolves (Lair:1)
  2 crocodiles (Lair:1)
  3 centaurs
  A big kobold (D:10)
  5 bullfrogs
  A gnoll sergeant (D:6)
  5 water moccasin zombies
  2 scorpions
  4 howler monkeys
  2 crimson imps (D:6)
  9 hounds
  A jelly (D:6)
  3 bullfrog zombies
  5 orc priests
  Crazy Yiuf (D:4)
  2 bullfrog skeletons
  8 orc wizards
  3 iguanas (D:5)
  Ijyb (D:4)
  6 worker ants
  2 big kobold zombies (Ossuary)
  2 mummies (Ossuary)
  A worker ant zombie (D:7)
  3 gnolls (D:6)
  13 adders
  4 shadow imps
  An ooze (D:3)
  8 adder zombies
  An adder skeleton (D:5)
  4 worms
  3 dart slugs
  6 leopard geckos
  22 orcs
  A ball python (D:6)
  6 bats
  4 giant cockroaches
  5 gnoll zombies (Ossuary)
  9 goblins
  3 hobgoblins
  26 jackals
  10 kobolds
  5 quokkas
  A ball python zombie (D:6)
  A frilled lizard (D:5)
  3 hobgoblin zombies (Ossuary)
  A jackal skeleton (D:4)
  7 kobold zombies (Ossuary)
  A leopard gecko skeleton (D:7)
  5 orc zombies (Ossuary)
  A quokka zombie (D:8)
  7 rats
  A rat zombie (D:8)
258 creatures vanquished.

Notes
Turn   | Place    | Note
-------+----------+-------------------------------------------
     0 | D:1      | Kniotic the Demigod Enchanter began the quest for the Orb.
     0 | D:1      | Reached XP level 1. HP: 14/14 MP: 5/5
    47 | D:1      | Reached skill level 1 in Short Blades
   224 | D:1      | Reached XP level 2. HP: 9/20 MP: 7/7
   501 | D:1      | Learned a level 2 spell: Ensorcelled Hibernation
  1029 | D:1      | Reached skill level 3 in Stealth
  1822 | D:2      | Reached XP level 3. HP: 26/26 MP: 8/8
  2803 | D:3      | Reached XP level 4. HP: 33/33 MP: 10/10
  3334 | D:3      | Found a bloodstained altar of Trog.
  3336 | D:3      | Found a burning altar of Makhleb.
  3339 | D:3      | Found a hazy altar of Hepliaklqana.
  3340 | D:3      | Found a snail-covered altar of Cheibriados.
  3343 | D:3      | Found a radiant altar of Vehumet.
  3345 | D:3      | Found an opulent altar of Gozag.
  3501 | D:4      | Reached XP level 5. HP: 31/38 MP: 2/11
  3586 | D:4      | Found a staircase to the Ecumenical Temple.
  3864 | D:4      | Learned a level 3 spell: Confuse
  3874 | D:4      | Noticed Ijyb
  3879 | D:4      | Killed Ijyb
  4026 | D:4      | Found a runed translucent door.
  4027 | D:4      | Noticed Crazy Yiuf
  4054 | D:4      | Noticed Edmund
  4080 | D:4      | Killed Edmund
  4080 | D:4      | Reached XP level 6. HP: 39/45 MP: 5/13
  4275 | D:4      | Reached skill level 4 in Stealth
  4515 | D:4      | Reached skill level 5 in Hexes
  5017 | D:4      | Killed Crazy Yiuf
  5064 | D:5      | Entered Level 5 of the Dungeon
  5627 | D:5      | Reached XP level 7. HP: 28/50 MP: 8/15
  6991 | D:6      | Reached skill level 5 in Stealth
  7306 | D:6      | Reached XP level 8. HP: 44/57 MP: 17/17
  9051 | D:6      | Reached skill level 6 in Stealth
  9081 | D:6      | Reached skill level 5 in Short Blades
  9297 | D:6      | Reached skill level 5 in Spellcasting
  9586 | D:7      | Noticed a hippogriff
  9597 | D:7      | Killed a hippogriff
 10138 | D:8      | Noticed Psyche
 10175 | D:8      | Killed Psyche
 10175 | D:8      | Reached skill level 7 in Stealth
 10175 | D:8      | Reached XP level 9. HP: 35/62 MP: 15/20
 10246 | D:8      | Found Putim's Weapon Shop.
 10246 | D:8      | Noticed a death yak
 10246 | D:8      | Noticed a death yak
 10246 | D:8      | Noticed Prince Ribbit
 10451 | D:8      | Found a sand-covered staircase.
 10470 | Ossuary  | Entered an ossuary
 11245 | D:8      | Found a staircase to the Lair.
 11599 | D:8      | Noticed a death yak
 11642 | D:9      | Reached skill level 8 in Stealth
 11980 | D:9      | Found Niwolof's Armour Shop.
 12003 | D:9      | Bought a +0 helmet for 67 gold pieces
 12003 | D:9      | Bought a +2 pair of boots for 247 gold pieces
 12808 | D:9      | Noticed a deep elf mage
 13593 | D:9      | Killed a deep elf mage
 13799 | D:10     | Entered Level 10 of the Dungeon
 13913 | D:10     | Noticed Gastronok
 14077 | D:10     | Noticed a cyclops
 14358 | D:8      | Noticed a death yak
 14358 | D:8      | Noticed a death yak
 14374 | Lair:1   | Entered Level 1 of the Lair of Beasts
 14388 | Lair:1   | Reached XP level 10. HP: 59/69 MP: 14/21
 14442 | Lair:1   | Noticed an eight-headed hydra
 14694 | Lair:1   | Reached skill level 9 in Stealth
 15121 | Lair:1   | Noticed a seven-headed hydra
 15206 | Lair:1   | Slain by a spiny frog

Skill      XL: |  1  2  3  4  5  6  7  8  9 10 |
---------------+-------------------------------+-----
Short Blades   | 1 2 3 4 6 7 8 |  8.1
Hexes          | 3 4 5 6 7 8 |  8.9
Spellcasting   | 2 3 4 5 |  5.0
Stealth        | 3 4 5 7 8 9 |  9.3
Dodging        | |  1.7

Action                   |  1- 3 |  4- 6 |  7- 9 | 10-12 || total
-------------------------+-------+-------+-------+-------++-------
Melee: Dagger            |   164 |   198 |   454 |       ||   816
       Short sword       |       |       |    92 |    34 ||   126
 Cast: Ensorcelled Hiber |    13 |    49 |   124 |    33 ||   219
       Corona            |       |     1 |     2 |       ||     3
       Confuse           |       |       |    16 |       ||    16
Evoke: Wand              |       |     2 |     4 |       ||     6
  Use: Scroll            |     6 |     2 |    13 |     1 ||    22
       Potion            |       |       |     6 |       ||     6
 Stab: Sleeping          |    18 |    29 |    71 |    20 ||   138
       Distracted        |       |     1 |     1 |       ||     2
       Confused          |       |       |     9 |       ||     9
       Petrifying        |       |       |     1 |       ||     1
       Paralysed         |       |       |     1 |       ||     1
  Eat: Chunk             |     7 |    11 |    39 |     5 ||    62
Armor: Robe              |    40 |    57 |   132 |    10 ||   239
Dodge: Dodged            |   117 |   143 |   272 |    20 ||   552
